 Dungeon Crawl Stone Soup version 0.29-a0-1033-gb6c65ffae6 (webtiles) character file.

Game seed: 11861072632735365264

5066 wilfster70 the Skirmisher (level 10, -7/79 HPs)
             Began as a Gnoll Hunter on Aug 14, 2022.
             Was a Priest of Ashenzari.
             Mangled by Harold
             ... wielding a +3 war axe of freezing
              (22 damage)
             ... on level 9 of the Dungeon.
             The game lasted 00:23:03 (8025 turns).

wilfster70 the Skirmisher (Gnoll Hunter)            Turns: 8025, Time: 00:23:03

Health: -7/79      AC:  9    Str: 10    XL:     10   Next: 56%
Magic:  18/18      EV: 20    Int: 13    God:    Ashenzari [***...]
Gold:   392        SH:  0    Dex: 16    Spells: 17/20 levels left

rFire   . . .      SeeInvis +   b - +1 short sword (venom)
rCold   + . .      Faith    .   (no shield)
rNeg    . . .      Spirit   .   y - +1 troll leather armour of the Astral Seer {Regen+, Pargi, Elem, Fort} (curse)
rPois   .          Reflect  .   (no helmet)
rElec   .          Harm     .   (no cloak)
rCorr   .          Rampage  .   p - +0 pair of gloves of Supernal Gnosis {Bglg, Comp} (curse)
Will    .....      Clarity  +   A - +0 pair of boots "Tethered With Me" {Melee, Fort} (curse)
Stlth   ++++......              (no amulet)
HPRegen 1.03/turn               t - ring of Ashenzari's Suspicion {rC+, Comp, Cun} (curse)
MPRegen 0.16/turn               v - ring of the Profound Boredom {EV+4, Evo, Elem} (curse)

@: marked
A: fangs 1, strong nose, distributed training
a: Renounce Religion, Shatter the Chains


You were on level 9 of the Dungeon.
You worshipped Ashenzari.
Ashenzari was most pleased with you.
You visited 2 branches of the dungeon, and saw 10 of its levels.
You also visited: Sewer.

You collected 392 gold pieces.

Inventory:

Hand Weapons
 a - a +2 shortbow
 b - a +1 short sword of venom (weapon)
Missiles
 e - 18 poisoned darts
 h - 2 throwing nets
Armour
 p - the cursed +0 pair of gloves of Supernal Gnosis (worn) {Bglg, Comp}
   (You found it on level 4 of the Dungeon)

   It has a curse which improves the following skills: Beguiling: Conjurations,
   Hexes and Translocations.
   Companions: Summonings and Necromancy.
 y - the cursed +1 troll leather armour of the Astral Seer (worn) {Regen+, Pargi, Elem, Fort}
   (You found it in a sewer)

   Regen:     It increases your rate of health regeneration.
   It has a curse which improves the following skills: Elements: Fire Magic, Ice
   Magic, Air Magic and Earth Magic.
   Fortitude: Armour and Shields.
 A - the cursed +0 pair of boots "Tethered With Me" (worn) {Melee, Fort}
   (You found it on level 8 of the Dungeon)

   It has a curse which improves the following skills: Melee Combat: Short
   Blades, Long Blades, Axes, Maces & Flails, Polearms, Staves and Unarmed
   Combat.
   Fortitude: Armour and Shields.
Jewellery
 r - a ring of resist corrosion
 t - the cursed ring of Ashenzari's Suspicion (left hand) {rC+, Comp, Cun}
   (You found it on level 5 of the Dungeon)

   [ring of protection from cold]

   rC:        It protects you from cold.
   It has a curse which improves the following skills: Companions: Summonings
   and Necromancy.
   Cunning:   Dodging and Stealth.
 v - the cursed ring of the Profound Boredom (right hand) {EV+4, Evo, Elem}
   (You found it on level 5 of the Dungeon)

   [ring of evasion]

   EV:        It affects your evasion (+4).
   It has a curse which improves the following skills: Evocations: Evocations.
   Elements:  Fire Magic, Ice Magic, Air Magic and Earth Magic.
Wands
 c - a wand of acid (5)
Scrolls
 d - 4 scrolls of teleportation
 g - 2 scrolls of immolation
 x - a scroll of fear
Potions
 f - a potion of cancellation
 i - a potion of curing
 j - 2 potions of flight
 k - 6 potions of haste
 m - a potion of brilliance
 n - 3 potions of mutation
 o - 7 potions of lignification
 q - 2 potions of magic
 s - 2 potions of resistance
 u - a potion of might
 w - a potion of berserk rage
 z - a potion of invisibility


   Skills:
 + Level 7.3 Fighting
 + Level 5.6(7.2) Short Blades
 + Level 5.6(7.2) Long Blades
 + Level 5.6(7.2) Axes
 + Level 5.6(7.2) Maces & Flails
 + Level 5.6(7.2) Polearms
 + Level 5.6(7.2) Staves
 + Level 10.2 Ranged Weapons
 + Level 5.6 Throwing
 + Level 5.6(8.0) Armour
 + Level 7.3(9.0) Dodging
 + Level 6.1(7.7) Stealth
 + Level 5.6(8.0) Shields
 + Level 5.6(7.2) Unarmed Combat
 + Level 5.6 Spellcasting
 + Level 4.6(6.2) Conjurations
 + Level 4.6(6.2) Hexes
 + Level 4.6(7.0) Summonings
 + Level 4.6(7.0) Necromancy
 + Level 4.6(6.2) Translocations
 + Level 4.6 Transmutations
 + Level 4.6(7.0) Fire Magic
 + Level 4.6(7.0) Ice Magic
 + Level 4.6(7.0) Air Magic
 + Level 4.6(7.0) Earth Magic
 + Level 4.6 Poison Magic
 + Level 6.1 Invocations
 + Level 5.6(7.2) Evocations


You had 17 spell levels left.
You knew the following spells:

 Your Spells              Type           Power      Damage    Failure   Level
a - Mephitic Cloud        Conj/Pois/Air  19%        N/A       6%          3

Your spell library contained the following spells:

 Spells                   Type           Power      Damage    Failure   Level
 Magic Dart               Conj           76%        1d6       1%          1
 Call Imp                 Summ           21%        N/A       1%          2
 Dazzling Flash           Conj/Hex       38%        N/A       5%          3
 Portal Projectile        Hex/Tloc       38%        N/A       5%          3
 Tukima's Dance           Hex            19%        N/A       5%          3
 Iskenderun's Mystic Bla  Conj/Tloc      19%        2d6       17%         4
 Olgreb's Toxic Radiance  Pois           15%        N/A       32%         4
 Borgnjor's Vile Clutch   Necr/Erth      10%        N/A       34%         5
 Alistair's Intoxication  Tmut/Pois      10%        N/A       67%         5
 Blade Hands              Tmut           7%         N/A       67%         5
 Starburst                Conj/Fire      10%        6d5       92%         6
 Eringya's Noxious Bog    Tmut/Pois      7%         N/A       99%         6
 Malign Gateway           Summ/Tloc      10%        N/A       100%        7
 Ozocubu's Refrigeration  Ice            10%        4d9       100%        7
 Ignition                 Fire           10%        3d5       100%        8
 Summon Horrible Things   Summ           10%        N/A       100%        8


Dungeon Overview and Level Annotations

Branches:
Dungeon (9/15)             Temple (1/1) D:4           Sewer (visited)
   Lair: D:8-11         Orc: D:9-12

Altars:
Ashenzari
Cheibriados
Dithmenos
Elyvilon
Fedhas
Gozag
Kikubaaqudgha
Makhleb
Nemelex Xobeh
Okawaru
Qazlal
Ru
Sif Muna
Trog
Vehumet
Wu Jian
Xom
Yredelemnul
Zin
The Shining One

Shops:
D:4 (   D:6 [?[(=

Annotations:
D:4 2 transporters
D:9 Harold


Innate Abilities, Weirdness & Mutations

You have very sharp teeth.
Your uncanny sense of smell can sniff out nearby items.
Your experience applies equally to all skills.


Message History

The harpoon shot hits you!
You are yanked forward by the harpoon shot.
Harold attacks as you move away!
Harold hits you with a +3 war axe of freezing!
* * * LOW HITPOINT WARNING * * *
Harold points at you and mumbles some strange words.
The mark upon you grows brighter.
Harold points at you and mumbles some strange words.
The mark upon you grows brighter.
You hit Harold but do no damage.
Harold looks as sick as possible!
Harold is heavily wounded.
Harold closely misses you.
You hit Harold but do no damage.
Harold looks as sick as possible!
Harold is heavily wounded.
Harold points at you and mumbles some strange words.
The mark upon you grows brighter.
You barely miss Harold. Your bite misses Harold.
Harold is heavily wounded.
Harold hits you with a +3 war axe of freezing!
* * * LOW HITPOINT WARNING * * *
Harold freezes you.
* * * LOW HITPOINT WARNING * * *
You hit Harold but do no damage.
Harold looks as sick as possible!
Harold is severely wounded.
You barely miss Harold.
Harold is severely wounded.
Harold completely misses you.
You hit Harold.
Harold looks as sick as possible!
Harold is severely wounded.
Harold completely misses you.
You hit Harold but do no damage.
Harold looks as sick as possible!
Harold is severely wounded.
Harold hits you with a +3 war axe of freezing!
* * * LOW HITPOINT WARNING * * *
You hit Harold.
Harold looks as sick as possible!
Harold is severely wounded.
You barely miss Harold. You bite Harold.
Harold is severely wounded.
Harold hits you with a +3 war axe of freezing!!
You die...

.#........'..........##.#..##.#.
##........#########..#.##..#.##.,
#........# ###....##.., ##
######'### #.#.##..#.#* , #..#
#..##.#..##.# #.## ###...5##.@..#
###.# #..##.#..##.#.. #...#
#######).#.##{.# # #+###
#...@@.##....##.., * , ,, *
*#.......#.##..#.## * ,,
∆+......#..##.#..##. + ,**
*#......##....##...,## , , *
#........##.#..##.*.. *,, , *
#(.......#.##..#.##. * + * **
#......##....##....##
#.......#.##..#.##..# ,,*
########..##.#..##.#.


You could see Harold (extremely poisoned).

Vanquished Creatures
  Pikel (D:9)
  Maggie (D:6)
  Psyche (D:9)
  Grinder (D:6)
  A wraith (D:9)
  A wyvern (D:9)
  5 yaks
  A steam dragon (D:9)
  A water moccasin (D:7)
  Pargi (Sewer)
  An orc warrior (D:7)
  A sky beast (D:6)
  An ogre (D:4)
  2 centaurs
  4 bullfrogs
  5 phantoms
  2 necrophages
  A scorpion (D:5)
  8 wights
  3 hounds
  3 orc priests
  3 gnoll boudas
  Terence (D:1)
  3 iguanas (D:6)
  Natasha (D:4)
  3 orc wizards
  13 gnolls
  13 adders
  2 shadow imps
  A white imp (D:5)
  2 ufetubi
  5 dart slugs
  A worm (D:2)
  35 orcs
  7 ball pythons
  6 endoplasms
  8 giant cockroaches
  8 goblins
  6 hobgoblins
  7 jackals
  3 quokkas
  5 bats
  10 frilled lizards
  5 kobolds
  A rat (D:5)
194 creatures vanquished.

Notes
Turn   | Place    | Note
-------+----------+-------------------------------------------
     0 | D:1      | wilfster70 the Gnoll Hunter began the quest for the Orb.
     0 | D:1      | Reached XP level 1. HP: 20/20 MP: 1/1
   246 | D:1      | Reached XP level 2. HP: 26/26 MP: 2/2
   466 | D:1      | Found a faded altar of an unknown god.
   760 | D:2      | Noticed Terence
   779 | D:1      | Killed Terence
   780 | D:1      | Reached skill level 1 in Short Blades
   780 | D:1      | Reached skill level 1 in Long Blades
   780 | D:1      | Reached skill level 1 in Axes
   780 | D:1      | Reached skill level 1 in Maces & Flails
   780 | D:1      | Reached skill level 1 in Polearms
   780 | D:1      | Reached skill level 1 in Staves
   780 | D:1      | Reached skill level 1 in Throwing
   780 | D:1      | Reached skill level 1 in Armour
   780 | D:1      | Reached skill level 1 in Shields
   780 | D:1      | Reached skill level 1 in Unarmed Combat
   780 | D:1      | Reached skill level 1 in Spellcasting
   780 | D:1      | Reached skill level 1 in Invocations
   780 | D:1      | Reached skill level 1 in Evocations
   780 | D:1      | Reached XP level 3. HP: 24/31 MP: 2/4
   869 | D:2      | Reached XP level 4. HP: 35/38 MP: 5/5
   988 | D:2      | Reached skill level 1 in Conjurations
   988 | D:2      | Reached skill level 1 in Hexes
   988 | D:2      | Reached skill level 1 in Summonings
   988 | D:2      | Reached skill level 1 in Necromancy
   988 | D:2      | Reached skill level 1 in Translocations
   988 | D:2      | Reached skill level 1 in Transmutations
   988 | D:2      | Reached skill level 1 in Fire Magic
   988 | D:2      | Reached skill level 1 in Ice Magic
   988 | D:2      | Reached skill level 1 in Air Magic
   988 | D:2      | Reached skill level 1 in Earth Magic
   988 | D:2      | Reached skill level 1 in Poison Magic
  1574 | D:3      | Found a burning altar of Makhleb.
  1577 | D:3      | Found a sacrificial altar of Ru.
  1659 | D:3      | Reached XP level 5. HP: 43/43 MP: 7/7
  1787 | D:3      | Found an ancient bone altar of Kikubaaqudgha.
  1791 | D:3      | Found a glowing silver altar of Zin.
  2072 | D:4      | Found Zutad's Weapon Boutique.
  2110 | D:4      | Found a transporter.
  2134 | D:4      | Found a transporter.
  2195 | D:4      | Found a white marble altar of Elyvilon.
  2470 | D:4      | Found a staircase to the Ecumenical Temple.
  2480 | Temple   | Entered the Ecumenical Temple
  2623 | D:4      | Identified the +3 dagger of Imiytim {speed, rElec Str+2
                  | Int-2}
  2858 | D:4      | Noticed an ogre
  2876 | D:4      | Killed an ogre
  2877 | D:4      | Reached skill level 5 in Fighting
  2877 | D:4      | Reached skill level 5 in Dodging
  2877 | D:4      | Reached XP level 6. HP: 28/51 MP: 7/9
  3152 | D:4      | Noticed Natasha
  3161 | D:4      | Killed Natasha
  3163 | D:4      | Found a broken altar of Ashenzari.
  3163 | D:4      | Found a bloodstained altar of Trog.
  3177 | D:4      | Became a worshipper of Ashenzari the Shackled
  3220 | D:5      | Entered Level 5 of the Dungeon
  3520 | D:5      | Reached XP level 7. HP: 52/56 MP: 10/10
  3524 | D:5      | Found a glowing drain.
  3572 | D:5      | Reached skill level 9 in Ranged Weapons
  3635 | Sewer    | Entered a sewer
  3856 | Sewer    | Noticed Pargi
  3884 | Sewer    | Killed Pargi
  4206 | D:5      | Reached XP level 8. HP: 63/63 MP: 12/12
  4647 | D:6      | Found Icudy's Jewellery Boutique.
  4871 | D:6      | Noticed Maggie
  4906 | D:6      | Killed Maggie
  5036 | D:6      | Found Teoxue's Weapon Boutique.
  5073 | D:6      | Reached * piety under Ashenzari
  5167 | D:6      | Found Gareo's Magic Scroll Shop.
  5210 | D:6      | Reached XP level 9. HP: 69/69 MP: 14/14
  5224 | D:6      | Learned a level 3 spell: Mephitic Cloud
  5325 | D:6      | Noticed Grinder
  5345 | D:6      | Killed Grinder
  5609 | D:6      | Found Tamink's Antique Armour Emporium.
  5663 | D:6      | Found Wadoesa's Armour Emporium.
  5891 | D:7      | Reached skill level 5 in Stealth
  6009 | D:7      | Reached skill level 5 in Invocations
  6046 | D:7      | Reached ** piety under Ashenzari
  6894 | D:7      | Reached skill level 5 in Short Blades
  6894 | D:7      | Reached skill level 5 in Long Blades
  6894 | D:7      | Reached skill level 5 in Axes
  6894 | D:7      | Reached skill level 5 in Maces & Flails
  6894 | D:7      | Reached skill level 5 in Polearms
  6894 | D:7      | Reached skill level 5 in Staves
  6894 | D:7      | Reached skill level 5 in Throwing
  6894 | D:7      | Reached skill level 5 in Armour
  6894 | D:7      | Reached skill level 5 in Shields
  6894 | D:7      | Reached skill level 5 in Unarmed Combat
  6894 | D:7      | Reached skill level 5 in Spellcasting
  6894 | D:7      | Reached skill level 5 in Evocations
  6894 | D:7      | Reached XP level 10. HP: 13/77 MP: 17/17
  6894 | D:7      | HP: 3/77 [yak (10)]
  6917 | D:7      | Reached skill level 10 in Ranged Weapons
  7094 | D:8      | Found a shadowy altar of Dithmenos.
  7839 | D:9      | Noticed Psyche
  7846 | D:9      | Killed Psyche
  7891 | D:9      | Reached *** piety under Ashenzari
  7947 | D:9      | Noticed Pikel
  7957 | D:9      | Noticed Harold
  7989 | D:9      | Killed Pikel
  8025 | D:9      | Mangled by Harold

Illustrated notes

Levels and vault maps discovered:
D:1:      dpeg_arrival_simpleton_b, layout_basic,
          shapermc_ecumenical_altar_acropolis, minivault_19
D:2:      layout_rooms, uniq_terence
D:3:      layout_rooms, grunt_temple_overflow_open, hex_large
D:4:      gammafunk_cloud_chamber, layout_cave_pods,
          nicolae_overflow_hidden_temple, minitemple,
          minmay_temple_entry_gardened_gates, nicolae_stop_n_shop_2,
          uniq_natasha
D:5:      layout_loops_cross, cheibrodos_sewer_entry_drain
D:6:      layout_basic, serial_shops, shop, nicolae_shop_bloodbath_and_beyond,
          nicolae_shop_waterfront, nicolae_shop_statue_plus,
          nicolae_shop_behind_doors, uniq_grinder, uniq_maggie
D:7:      layout_basic, chequers_serial_rivers_small_3
D:8:      layout_gridville, mainiacjoe_overflow_concentric_impassable
D:9:      layout_roguey, amethyst_overflow_temple_binary, nicolae_eternal_life,
          minivault_22, nicolae_figureground_pulse, uniq_harold, uniq_pikel,
          uniq_maurice, uniq_psyche
Temple:   nicolae_temple_hex_pool

Skill      XL: |  1  2  3  4  5  6  7  8  9 10 |
---------------+-------------------------------+-----
Short Blades   | 1 2 3 5 |  5.6
Long Blades    | 1 2 3 5 |  5.6
Axes           | 1 2 3 5 |  5.6
Maces & Flails | 1 2 3 5 |  5.6
Polearms       | 1 2 3 5 |  5.6
Staves         | 1 2 3 5 |  5.6
Throwing       | 1 2 3 5 |  5.6
Armour         | 1 2 3 5 |  5.6
Shields        | 1 2 3 5 |  5.6
Unarmed Combat | 1 2 3 5 |  5.6
Spellcasting   | 1 2 3 5 |  5.6
Invocations    | 1 2 3 4 5 6 |  6.1
Evocations     | 1 2 3 5 |  5.6
Conjurations   | 1 2 3 4 |  4.6
Hexes          | 1 2 3 4 |  4.6
Summonings     | 1 2 3 4 |  4.6
Necromancy     | 1 2 3 4 |  4.6
Translocations | 1 2 3 4 |  4.6
Transmutations | 1 2 3 4 |  4.6
Fire Magic     | 1 2 3 4 |  4.6
Ice Magic      | 1 2 3 4 |  4.6
Air Magic      | 1 2 3 4 |  4.6
Earth Magic    | 1 2 3 4 |  4.6
Poison Magic   | 1 2 3 4 |  4.6
Stealth        | 3 4 5 6 |  6.1
Fighting       | 5 6 7 |  7.3
Dodging        | 5 6 7 |  7.3
Ranged Weapons | 9 10 | 10.2

Action                   |  1- 3 |  4- 6 |  7- 9 | 10-12 || total
-------------------------+-------+-------+-------+-------++-------
Melee: Short sword       |       |       |    15 |    25 ||    40
       Shortbow          |       |       |     1 |       ||     1
       Bite              |       |       |     2 |     5 ||     7
       Punch             |       |       |     1 |     1 ||     2
 Fire: Shortbow          |    49 |   234 |   489 |   148 ||   920
Invok: Curse Item        |       |       |     4 |     1 ||     5
  Use: Scroll            |     1 |     6 |     6 |     2 ||    15
       Potion            |       |     1 |     4 |     1 ||     6
Armor: Leather armour    |     4 |     5 |       |       ||     9
       Ring mail         |       |    38 |    62 |       ||   100
       Troll leather arm |       |       |    38 |    21 ||    59
Dodge: Dodged            |    15 |    95 |   310 |   121 ||   541

Table legend: (Time is in decaauts)
 A = Elapsed time spent in this place.
 B = Non-inter-level travel time spent in this place.
 C = Inter-level travel time spent in this place.
 D = Time resting spent in this place.
 E = Time spent auto-exploring this place.
 F = Levels seen in this place.
 G = Mean time per level.
                   A        B        C        D        E       F      G
               +--------+--------+--------+--------+--------+-----+--------+
         Total |   8194 |   7875 |    319 |   1139 |   3632 |  11 |  744.9 |
       Dungeon |   7624 |   7311 |    313 |    891 |   3527 |   9 |  847.1 |
        Temple |     87 |     81 |      6 |      0 |     30 |   1 |   87.0 |
         Sewer |    482 |    482 |      0 |    248 |     74 |   1 |  482.0 |
               +--------+--------+--------+--------+--------+-----+--------+

Top non-repeatable levels by time:
     D:6: 1325 daAuts
     D:4: 1071 daAuts
     D:5: 945 daAuts
     D:7: 894 daAuts
     D:1: 758 daAuts
     D:8: 747 daAuts
     D:2: 687 daAuts
     D:3: 658 daAuts
     D:9: 534 daAuts
   Sewer: 482 daAuts
  Temple: 87 daAuts
